 Dungeon Crawl Stone Soup version 0.18-a0-750-g37044d6 (webtiles) character file.

322 Ijustatesigmund the Sneak (level 6, -1/36 HPs)
             Began as an Octopode Wizard on Dec 12, 2015.
             Slain by an ice beast (3 damage)
             ... on level 4 of the Dungeon.
             The game lasted 00:16:46 (4760 turns).

Ijustatesigmund the Sneak (Octopode Wizard)         Turns: 4760, Time: 00:16:46

Health: -1/36      AC:  3    Str:  6    XL:     6   Next: 47%
Magic:  3/11       EV: 12    Int: 22    God:
Gold:   175        SH:  0    Dex: 11    Spells: 5 memorised, 0 levels left

rFire  . . .     SeeInvis .     n - +0 rapier
rCold  . . .     Clarity  .     (no shield)
rNeg   + . .     SustAt   .     a - +2 hat
rPois  .         Gourm    .     (no amulet)
rElec  .         Spirit   .     g - ring of positive energy
rCorr  .         Dismiss  .     (no ring)
rMut   .         Stasis   .     (no ring)
MR     .....                    (no ring)
Stlth  ++++......               (no ring)
                                (no ring)
                                (no ring)
                                (no ring)

@: not resistant to hostile enchantments, stealthy
A: almost no armour, amphibious, 8 rings, constrict 8, camouflage 1, gelatinous
body 1
a: no special abilities


You were on level 4 of the Dungeon.
You were not hungry.

You visited 1 branch of the dungeon, and saw 4 of its levels.

You collected 175 gold pieces.

Inventory:

Hand Weapons
 n - a +0 rapier (weapon)
Armour
 a - a +2 hat (worn)
Jewellery
 g - a ring of positive energy (left tentacle)
Scrolls
 j - a scroll of enchant armour
 l - a scroll of recharging
Potions
 e - a potion of curing
 m - a potion of cure mutation {unknown}
Books
 b - a book of Minor Magic

   Spells                             Type                      Level
   a - Magic Dart                     Conjuration                  1
   b - Blink                          Translocation                2
   c - Call Imp                       Summoning                    2
   d - Repel Missiles                 Charms/Air                   2
   e - Slow                           Hexes                        2
   f - Conjure Flame                  Conjuration/Fire             3
   g - Mephitic Cloud                 Conjuration/Poison/Air       3
Comestibles
 c - 3 bread rations
 k - a meat ration


   Skills:
 - Level 2.0 Dodging
 - Level 5.0 Stealth
 + Level 3.4 Spellcasting
 + Level 4.1 Conjurations
   Level 1.0 Summonings
 - Level 1.0 Translocations
 - Level 2.2 Air Magic
 - Level 2.0 Poison Magic


You couldn't memorise any spells.
You knew the following spells:

 Your Spells              Type           Power        Failure   Level  Hunger
a - Magic Dart            Conj           ###.         1%          1    None
b - Blink                 Tloc           N/A          14%         2    ##.....
c - Repel Missiles        Chrm/Air       #.....       14%         2    ##.....
d - Mephitic Cloud        Conj/Pois/Air  ###.....     12%         3    ###....
e - Conjure Flame         Conj/Fire      ##......     17%         3    ###....


Dungeon Overview and Level Annotations

Branches:
Dungeon (4/15)
 Temple: D:4-7

Altars:
Dithmenos
Qazlal
Sif Muna


Innate Abilities, Weirdness & Mutations

You cannot wear most types of armour.
You are amphibious.
You can wear up to eight rings at the same time.
You can use your tentacles to constrict eight enemies at once.
Your skin changes colour to match your surroundings (Stealth).
Your rubbery body absorbs attacks (AC +1).


Message History

The ice beast is severely wounded.
The ice beast closely misses you.
Casting: Conjure Flame
Confirm with . or Enter, or press ? or * to list all spells.
Aiming: Magic Dart
Press: ? - help, Shift-Dir - straight line, f/p - ice beast
Aim: an ice beast (severely wounded)
The magic dart hits the ice beast.
The ice beast is severely wounded.
The ice beast hits you. The ice beast freezes you!
* * * LOW HITPOINT WARNING * * *
Casting: Magic Dart
Confirm with . or Enter, or press ? or * to list all spells.
Aiming: Magic Dart
Press: ? - help, Shift-Dir - straight line, f/p - ice beast
Aim: an ice beast (severely wounded)
The magic dart hits the ice beast.
The ice beast is severely wounded.
The ice beast hits you.
You die...

#.# # .....
#.#.### ### ......
#@# #.#.. #Y#
..g### #.# #..#..
#.# ...#.#
#######.# ##.#.#
#.g§....# ####
##.#.#####Y#######
#... ...Y.g.....#
##.# .#.#.#######
.# #..


You could see an ice beast.

Vanquished Creatures
  An orc priest (D:3)
  Jessica (D:2)
  A giant frog skeleton (D:4)
  An iguana (D:3)
  Natasha (D:4)
  2 orc wizards (D:3)
  A hound skeleton (D:4)
  2 gnolls (D:4)
  2 adders
  An ooze (D:3)
  A worm (D:2)
  An adder skeleton (D:3)
  4 giant geckos
  5 orcs
  4 bats (D:1)
  4 giant cockroaches
  6 goblins
  10 hobgoblins
  6 jackals (D:1)
  5 kobolds
  A quokka (D:3)
  3 ball pythons
  A giant gecko skeleton (D:4)
  5 giant newts
  5 rats
74 creatures vanquished.

Notes
Turn   | Place    | Note
--------------------------------------------------------------
     0 | D:1      | Ijustatesigmund the Octopode Wizard began the quest for the Orb.
     0 | D:1      | Reached XP level 1. HP: 11/11 MP: 4/4
   599 | D:1      | Reached XP level 2. HP: 15/17 MP: 1/6
   603 | D:1      | Learned a level 2 spell: Blink
   606 | D:1      | Learned a level 2 spell: Repel Missiles
  1237 | D:1      | Reached XP level 3. HP: 21/21 MP: 5/7
  1464 | D:2      | Reached skill level 4 in Stealth
  1831 | D:2      | Learned a level 3 spell: Mephitic Cloud
  1855 | D:2      | Noticed Jessica
  1856 | D:2      | Killed Jessica
  1856 | D:2      | Reached XP level 4. HP: 27/27 MP: 8/8
  1993 | D:2      | Found a stormy altar of Qazlal.
  2991 | D:3      | Reached skill level 5 in Stealth
  3026 | D:3      | Reached XP level 5. HP: 31/31 MP: 5/9
  3350 | D:3      | Reached skill level 1 in Air Magic
  3361 | D:3      | Reached skill level 1 in Poison Magic
  3602 | D:3      | Found a deep blue altar of Sif Muna.
  3690 | D:3      | Found a shadowy altar of Dithmenos.
  3714 | D:3      | Reached XP level 6. HP: 36/36 MP: 1/10
  4069 | D:4      | Noticed Natasha
  4073 | D:4      | Killed Natasha
  4159 | D:4      | Learned a level 3 spell: Conjure Flame
  4760 | D:4      | Slain by an ice beast

Vault maps used:
D:1:      sevenhm_arrival_forest_fort_small_3
D:2:      marbit_many_paths, uniq_jessica
D:3:      tgw_sif, first_bread, nicolae_dithmenos_through_a_glass_darkly
D:4:      lemuel_coloured_pillars_altar, serial_curves, eino_curves_01,
          eino_curves_02, uniq_eustachio, uniq_natasha

Action                   |  1- 3 |  4- 6 || total
-------------------------+-------+-------++-------
Melee: Short sword       |    13 |    24 ||    37
       Mace              |     3 |       ||     3
       Unarmed           |     2 |       ||     2
       Rapier            |       |    17 ||    17
Throw: Throwing net      |       |     2 ||     2
 Cast: Magic Dart        |    69 |   122 ||   191
       Repel Missiles    |     1 |       ||     1
       Mephitic Cloud    |       |     6 ||     6
       Conjure Flame     |       |     3 ||     3
       Blink             |       |     2 ||     2
  Use: Scroll            |     7 |     7 ||    14
       Potion            |       |     3 ||     3
 Stab: Sleeping          |     4 |     4 ||     8
       Confused          |       |     1 ||     1
  Eat: Chunk             |     3 |     8 ||    11
       Beef jerky        |       |     1 ||     1
